 Dungeon Crawl Stone Soup version 0.28-a0-1638-g9123634e07 (webtiles) character file.

Game seed: 1587242337948718413

1224 Ajdolov the Basher (level 8, -9/71 (73) HPs)
             Began as a Minotaur Fighter on Jan 25, 2022.
             Was a Believer of Okawaru.
             Mangled by an ice beast (11 damage)
             ... on level 5 of the Dungeon.
             The game lasted 00:07:28 (4030 turns).

Ajdolov the Basher (Minotaur Fighter)               Turns: 4030, Time: 00:07:29

HP:   -9/71 (73)    AC:  4    Str: 23    XL:     8   Next: 23%
MP:   7/7           EV: 10    Int:  5    God:    Okawaru [**....]
Gold: 330           SH:  4    Dex: 10    Spells: 7/7 levels left

rFire   . . .      SeeInvis .   a - +0 flail
rCold   . . .      Faith    .   c - +0 buckler
rNeg    . . .      Spirit   .   d - +0 troll leather armour {Pargi}
rPois   .          Reflect  .   (helmet restricted)
rElec   .          Harm     .   (no cloak)
rCorr   .          Rampage  .   (no gloves)
Will    .....                   (no boots)
Stlth   +.........              (no amulet)
HPRegen 1.01/turn               (no ring)
MPRegen 0.10/turn               (no ring)

@: lightly drained
A: horns 2, retaliatory headbutt
a: Renounce Religion, Heroism


You were on level 5 of the Dungeon.
You worshipped Okawaru.
Okawaru was pleased with you.
You visited 1 branch of the dungeon, and saw 6 of its levels.
You also visited: Sewer.

You collected 330 gold pieces.

Inventory:

Hand Weapons
 a - a +0 flail (weapon)
Missiles
 s - a throwing net (quivered)
Armour
 b - a +0 scale mail
 c - a +0 buckler (worn)
 d - a +0 troll leather armour (worn) {Pargi}
Wands
 r - a wand of mindburst (12)
Scrolls
 f - 3 scrolls of blinking {unknown}
 g - 6 scrolls of identify {unknown}
 i - a scroll of teleportation {unknown}
 j - 2 scrolls of summoning {unknown}
 k - a scroll of magic mapping {unknown}
 l - 2 scrolls of silence {unknown}
 o - 2 scrolls of noise {unknown}
 p - 2 scrolls of immolation {unknown}
 q - a scroll of fear {unknown}
 t - a scroll of torment {unknown}
 v - 2 scrolls of vulnerability {unknown}
Potions
 e - 2 potions of heal wounds {unknown}
 h - a potion of cancellation {unknown}
 m - a potion of lignification {unknown}
 n - 2 potions of berserk rage
 u - a potion of curing {unknown}


   Skills:
 - Level 7.5 Fighting
 * Level 9.9 Maces & Flails
 + Level 3.9 Armour
 + Level 3.9 Shields


You had 7 spell levels left.
You didn't know any spells.
Your spell library contained the following spells:

 Spells                   Type           Power      Damage    Failure   Level
 Slow                     Hex            0%         N/A       63%         1
 Sting                    Tmut/Pois      0%         1d3       63%         1
 Poisonous Vapours        Pois/Air       0%         N/A       77%         2
 Sublimation of Blood     Necr           0%         N/A       77%         2
 Wereblood                Tmut           0%         N/A       77%         2
 Confusing Touch          Hex            0%         N/A       94%         3
 Vampiric Draining        Necr           0%         2d6       94%         3
 Olgreb's Toxic Radiance  Pois           0%         N/A       100%        4
 Summon Hydra             Summ           Unusable   N/A       N/A         7

Dungeon Overview and Level Annotations

Branches:
Dungeon (6/15)              Sewer (visited)
 Temple: D:4-7

Altars:
Ashenzari
Hepliaklqana
Kikubaaqudgha
Okawaru
Qazlal
Trog
Vehumet
Xom


Innate Abilities, Weirdness & Mutations

You have a pair of horns on your head.
You reflexively headbutt those who attack you in melee.


Message History

You barely miss the wight.
The wight is severely damaged.
The ice beast barely misses you. The wight hits you with a +0 dagger.
You barely miss the wight.
The wight is severely damaged.
You sock the wight!
You destroy the wight!
Okawaru accepts your kill. You block the ice beast's attack.
Items here: )) [[.
You hit the ice beast.
The ice beast is moderately wounded.
The ice beast hits you but does no damage.
You sock the ice beast!
You headbutt the ice beast, but do no damage.
The ice beast is heavily wounded.
The ice beast barely misses you.
Okay, then.
You hit the ice beast but do no damage. You headbutt the ice beast!
The ice beast is almost dead.
The ice beast hits you. The ice beast freezes you!
You barely miss the ice beast.
The ice beast is almost dead.
The ice beast hits you. The ice beast freezes you!
* * * LOW HITPOINT WARNING * * *
You hit the ice beast but do no damage. Your headbutt misses the ice beast.
The ice beast is almost dead.
The ice beast barely misses you.
You closely miss the ice beast.
The ice beast is almost dead.
The ice beast hits you.
* * * LOW HITPOINT WARNING * * *
The ice beast freezes you!
* * * LOW HITPOINT WARNING * * *
You hit the ice beast but do no damage.
The ice beast is almost dead.
The ice beast hits you.
* * * LOW HITPOINT WARNING * * *
The ice beast freezes you!
You die...

##### ##...# ###### #....#
#....#### #....#
#.[.....##### #....#
###...........###
#####.#'####>'..............
#.....#.#..@Y#..............
#.....#.'....#..............
#.....###....#..............
#####......#.#.......####...
#........#.#.......# #.<.
###.#####..#.#.......####...
#.........##................
#............#######........
#..............#####......##


You could see an ice beast.

Vanquished Creatures
  A steam dragon (D:5)
  Pargi (Sewer)
  2 ogres
  A phantom (D:5)
  A gnoll sergeant (D:5)
  A scorpion (D:5)
  A water moccasin zombie (D:5)
  3 wights (D:5)
  2 centaur zombies (D:5)
  3 hounds
  Jessica (D:2)
  An iguana (D:5)
  Ijyb (D:3)
  A howler monkey zombie (D:5)
  4 gnolls (D:5)
  10 adders
  A river rat (D:3)
  2 worms (D:3)
  4 dart slugs
  5 orcs (D:5)
  3 ball pythons
  7 endoplasms
  2 giant cockroaches (D:1)
  4 hobgoblins
  4 jackals (D:4)
  2 quokkas
  8 bats
  4 frilled lizards
  4 goblins
  6 kobolds
  11 rats
101 creatures vanquished.

Notes
Turn   | Place    | Note
-------+----------+-------------------------------------------
     0 | D:1      | Ajdolov the Minotaur Fighter began the quest for the Orb.
     0 | D:1      | Reached XP level 1. HP: 19/19 MP: 0/0
   211 | D:1      | Reached skill level 3 in Maces & Flails
   271 | D:1      | Reached XP level 2. HP: 27/27 MP: 1/1
   314 | D:1      | Found a faded altar of an unknown god.
   942 | D:2      | Reached XP level 3. HP: 33/33 MP: 2/2
   949 | D:2      | Noticed Jessica
   953 | D:2      | Killed Jessica
   954 | D:2      | Reached skill level 4 in Maces & Flails
  1283 | D:2      | Reached XP level 4. HP: 40/41 MP: 3/3
  1743 | D:3      | Reached skill level 5 in Maces & Flails
  1799 | D:3      | Found a glowing drain.
  1808 | Sewer    | Entered a sewer
  2003 | Sewer    | Reached XP level 5. HP: 47/47 MP: 4/4
  2013 | Sewer    | Noticed Pargi
  2026 | Sewer    | Killed Pargi
  2027 | Sewer    | Reached skill level 5 in Fighting
  2027 | Sewer    | Reached skill level 6 in Maces & Flails
  2643 | D:3      | Noticed Ijyb
  2644 | D:3      | Found a hazy altar of Hepliaklqana.
  2645 | D:3      | Found a radiant altar of Vehumet.
  2645 | D:3      | Found a bloodstained altar of Trog.
  2646 | D:3      | Found an iron altar of Okawaru.
  2646 | D:3      | Found a shimmering altar of Xom.
  2646 | D:3      | Found an ancient bone altar of Kikubaaqudgha.
  2648 | D:3      | Killed Ijyb
  2649 | D:3      | Found a broken altar of Ashenzari.
  2655 | D:3      | Became a worshipper of Warmaster Okawaru
  2702 | D:4      | Reached XP level 6. HP: 50/56 MP: 5/5
  2992 | D:4      | Found a stormy altar of Qazlal.
  3079 | D:4      | Reached skill level 7 in Maces & Flails
  3238 | D:5      | Entered Level 5 of the Dungeon
  3263 | D:5      | Reached * piety under Okawaru
  3264 | D:5      | Reached XP level 7. HP: 49/63 MP: 6/6
  3331 | D:5      | Reached skill level 8 in Maces & Flails
  3554 | D:5      | Noticed a steam dragon
  3557 | D:5      | Killed a steam dragon
  3557 | D:5      | Reached ** piety under Okawaru
  3558 | D:5      | Reached skill level 9 in Maces & Flails
  3783 | D:5      | Reached XP level 8. HP: 23/73 MP: 7/7
  4029 | D:5      | HP: 2/71 [ice beast (13)]
  4030 | D:5      | Mangled by an ice beast

Illustrated notes

Levels and vault maps discovered:
D:1:      dpeg_arrival_concentric_ovals, layout_loops_ring,
          chequers_ecumenical_altar_simple_redux, minmay_rat_gold_closets
D:2:      layout_loops_cross, uniq_jessica
D:3:      layout_basic, grunt_temple_overflow_open, gup_sewer_entry_spiral,
          uniq_ijyb
D:4:      layout_rooms, nicolae_qazlal_general_emergency,
          minmay_misc_feat_diagonals, kennysheep_generic_room_2
D:5:      layout_basic
D:6:      layout_basic

Skill      XL: |  1  2  3  4  5  6  7 |
---------------+----------------------+-----
Maces & Flails | 3 4 5 6 7 9 |  9.9
Fighting       | 4 5 6 7 |  7.5
Armour         | |  3.9
Shields        | |  3.9

Action                   |  1- 3 |  4- 6 |  7- 9 || total
-------------------------+-------+-------+-------++-------
Melee: Flail             |    65 |   119 |    95 ||   279
       Headbutt          |     9 |    16 |    24 ||    49
  Use: Potion            |       |     1 |       ||     1
Armor: Scale mail        |    23 |    34 |       ||    57
       Troll leather arm |       |    12 |    26 ||    38
Dodge: Dodged            |    24 |    48 |    50 ||   122
Block: Buckler           |    13 |    17 |    19 ||    49

Table legend: (Time is in decaauts)
 A = Elapsed time spent in this place.
 B = Non-inter-level travel time spent in this place.
 C = Inter-level travel time spent in this place.
 D = Time resting spent in this place.
 E = Time spent auto-exploring this place.
 F = Levels seen in this place.
 G = Mean time per level.
                   A        B        C        D        E       F      G
               +--------+--------+--------+--------+--------+-----+--------+
         Total |   4104 |   4017 |     87 |    205 |   3058 |   7 |  586.3 |
       Dungeon |   3795 |   3708 |     87 |     32 |   2994 |   6 |  632.5 |
         Sewer |    309 |    309 |      0 |    173 |     64 |   1 |  309.0 |
               +--------+--------+--------+--------+--------+-----+--------+

Top non-repeatable levels by time:
     D:1: 948 daAuts
     D:3: 819 daAuts
     D:5: 785 daAuts
     D:2: 685 daAuts
     D:4: 550 daAuts
   Sewer: 309 daAuts
     D:6: 6 daAuts
